 Dungeon Crawl Stone Soup version 0.30-a0-757-ga6a79fd877 (webtiles) character file.

Game seed: 11752059111601509617

77 avis the Shooter (level 3, -1/31 HPs)
             Began as a Demigod Hunter on Feb 10, 2023.
             Slain by an iguana (4 damage)
             ... on level 2 of the Dungeon.
             The game lasted 00:10:39 (1676 turns).

avis the Shooter (Demigod Hunter)                   Turns: 1676, Time: 00:10:40

Health: -1/31      AC:  4    Str: 12    XL:     3   Next: 91%
Magic:  5/5        EV: 12    Int: 11    God:
Gold:   125        SH:  0    Dex: 21    Spells: 2/2 levels left

rFire   + . .      SeeInvis .    a - +0 shortbow
rCold   . . .      Faith    .    (shield currently unavailable)
rNeg    . . .      Spirit   .    c - +0 leather armour
rPois   .          Reflect  .    (no helmet)
rElec   .          Harm     .    (no cloak)
rCorr   .          Rampage  .    e - +0 pair of gloves
Will    .....                    (no boots)
Stlth   ++                       (no amulet)
HPRegen 0.25/turn                s - ring "Fyriab" {Fly rF+}
MPRegen 0.09/turn                (no ring)

@: flying
A: high MP 1, forlorn, divine attributes
a: no special abilities


You were on level 2 of the Dungeon.
You visited 1 branch of the dungeon, and saw 3 of its levels.

You collected 125 gold pieces.

Inventory:

Hand Weapons
 a - a +0 shortbow (weapon)
Missiles
 m - 6 poisoned darts
Armour
 c - a +0 leather armour (worn)
 e - a +0 pair of gloves (worn)
Jewellery
 s - the ring "Fyriab" (left hand) {Fly rF+}
   (You found it on level 2 of the Dungeon)

   [ring of flight]

   rF:        It protects you from fire.
   Fly:       It grants you flight.
Scrolls
 b - a scroll of immolation
 f - a scroll of noise {unknown}
 h - 2 scrolls of enchant weapon {unknown}
 j - a scroll of magic mapping {unknown}
 n - a scroll of teleportation {unknown}
 o - a scroll of vulnerability {unknown}
 q - 2 scrolls of identify {unknown}
 t - a scroll of silence {unknown}
 u - a scroll of amnesia {unknown}
Potions
 d - a potion of haste {unknown}
 g - a potion of resistance {unknown}
 i - 2 potions of heal wounds {unknown}
 k - a potion of cancellation {unknown}
 l - a potion of attraction {unknown}
 p - a potion of flight {unknown}
 r - 2 potions of curing {unknown}
 v - a potion of lignification {unknown}


   Skills:
 - Level 3.0 Fighting
 * Level 4.4 Ranged Weapons
 - Level 2.0 Dodging
 - Level 1.0 Stealth


You had 2 spell levels left.
You didn't know any spells.
Your spell library was empty.

Dungeon Overview and Level Annotations

Branches:
Dungeon (3/15)


Innate Abilities, Weirdness & Mutations

You have an increased reservoir of magic. (+10% MP)
You shall have no god before yourself.
Your divine heritage dramatically boosts your attributes as you level up.


Message History

Aim: an iguana (almost dead, 69% to hit)
You shoot an arrow.
The arrow hits the iguana but does no damage.
The iguana is almost dead.
The iguana closely misses you.
Fire: a) +0 shortbow
Press: ? - help, Q - select action, (/) - cycle Shift-Dir - straight line, f/p - iguana
Aim: an iguana (almost dead, 69% to hit)
You shoot an arrow. The arrow hits the iguana.
The iguana is almost dead.
The iguana barely misses you. The iguana bites you.
* * * LOW HITPOINT WARNING * * *
Fire: a) +0 shortbow
Press: ? - help, Q - select action, (/) - cycle Shift-Dir - straight line, f/p - iguana
Aim: an iguana (almost dead, 69% to hit)
You shoot an arrow.
The arrow hits the iguana but does no damage.
The iguana is almost dead.
The iguana completely misses you.
Fire: a) +0 shortbow
Press: ? - help, Q - select action, (/) - cycle Shift-Dir - straight line, f/p - iguana
Aim: an iguana (almost dead, 69% to hit)
You shoot an arrow.
The arrow hits the iguana but does no damage.
The iguana is almost dead.
The iguana closely misses you.
Fire: a) +0 shortbow
Press: ? - help, Q - select action, (/) - cycle Shift-Dir - straight line, f/p - iguana
Aim: an iguana (almost dead, 69% to hit)
You shoot an arrow. The arrow barely misses the iguana.
The iguana hisses menacingly.
The iguana misses you.
Fire: a) +0 shortbow
Press: ? - help, Q - select action, (/) - cycle Shift-Dir - straight line, f/p - iguana
Aim: an iguana (almost dead, 69% to hit)
You shoot an arrow.
The arrow hits the iguana but does no damage.
The iguana is almost dead.
The iguana closely misses you. The iguana bites you.
You die...

#.........##.####..######
#.........##.##....#....#
#..................#.##.#
#................###.##.#####
#....................##.....#
#.........###.>.###########.#
########### ##†## ########.#
#l# #.....##.#
#@#####.###.##.#
#....>#.###.##.#
#####.#...#....# #.###.######
#.# #.# #.###.# #.....#
#######


You could see an iguana.

Vanquished Creatures
  2 adders (D:2)
  A worm (D:2)
  A dart slug (D:2)
  5 bats
  5 endoplasms
  6 giant cockroaches (D:1)
  5 goblins
  4 hobgoblins
  4 kobolds
  2 quokkas (D:2)
  6 ball pythons
  2 frilled lizards (D:1)
  6 rats
49 creatures vanquished.

Notes
Turn   | Place    | Note
-------+----------+-------------------------------------------
     0 | D:1      | avis the Demigod Hunter began the quest for the Orb.
     0 | D:1      | Reached XP level 1. HP: 17/17 MP: 3/3
    91 | D:1      | Reached skill level 4 in Ranged Weapons
    91 | D:1      | Reached XP level 2. HP: 22/24 MP: 4/4
   187 | D:1      | Reached skill level 1 in Stealth
   635 | D:2      | Reached XP level 3. HP: 30/30 MP: 5/5
  1042 | D:2      | Identified the ring "Fyriab" {Fly rF+}
  1672 | D:2      | HP: 1/31 [iguana (3)]
  1676 | D:2      | Slain by an iguana

Illustrated notes

Levels and vault maps discovered:
D:1:      minmay_arrival_hallway, layout_basic
D:2:      layout_basic, shapermc_ecumenical_altar_hornbeckon
D:3:      layout_rooms, mainiacjoe_overflow_alcove_3,
          chequers_serial_rivers_room_b, kennysheep_minor_cross,
          grunt_ministairs_10, glass_columns_c, nicolae_half_adder

Skill      XL: |  1  2  3 |
---------------+----------+-----
Fighting       | 2 3 |  3.0
Ranged Weapons | 4 |  4.4
Dodging        | 2 |  2.0
Stealth        | 1 |  1.0

Action                     || total
---------------------------++-------
   Fire: Shortbow          ||   123
 Armour: Leather armour    ||    11
  Dodge: Dodged            ||    45

Table legend: (Time is in decaauts)
 A = Elapsed time spent in this place.
 B = Non-inter-level travel time spent in this place.
 C = Inter-level travel time spent in this place.
 D = Time resting spent in this place.
 E = Time spent auto-exploring this place.
 F = Levels seen in this place.
 G = Mean time per level.
                   A        B        C        D        E       F      G
               +--------+--------+--------+--------+--------+-----+--------+
         Total |   1719 |   1376 |    343 |     29 |    868 |   3 |  573.0 |
       Dungeon |   1719 |   1376 |    343 |     29 |    868 |   3 |  573.0 |
               +--------+--------+--------+--------+--------+-----+--------+

Top non-repeatable levels by time:
     D:2: 863 daAuts
     D:1: 833 daAuts
     D:3: 21 daAuts
